TOP OF THE 1ST |
Connecticut Tigers batting - Pitching for Lowell Spinners : RHP Nherbert Silivan
|
Pitching: RHP Nherbert Silivan
|
|
Batting: RHB Seth Fox
|
0-0: Called Strike 0-1: Ball 1-1: Called Strike 1-2: Foul Ball, location: 2F 1-2: Foul Ball, location: 2F 1-2: Strikes out swinging
|
Batting: RHB Tony Nunez
|
0-0: Ball 1-0: Ball 2-0: Called Strike 2-1: Ground out 4-3 (Groundball, 4, EV 78.8 MPH)
|
Batting: LHB Jon Pedlar
|
0-0: Called Strike 0-1: Fly out, F8 (Flyball, 8RS, EV 75.6 MPH)
|
Top of the 1st over - 0 runs, 0 hits, 0 errors, 0 left on base; Connecticut 0 - Lowell 0 |
BOTTOM OF THE 1ST |
Lowell Spinners batting - Pitching for Connecticut Tigers : LHP Randolph Main
|
Pitching: LHP Randolph Main
|
|
Batting: LHB Eric Gaugler
|
0-0: Ball 1-0: Ground out 3-1 (Groundball, 34, EV 78.8 MPH)
|
Batting: RHB Willie Camacho
|
0-0: Called Strike 0-1: Ball 1-1: Fly out, F9 (Flyball, 9D, EV 108.1 MPH)
|
Batting: LHB Kien-lung Zou
|
0-0: Ball 1-0: Swinging Strike 1-1: Ball 2-1: Foul Ball, location: 2F 2-2: Ground out 4-3 (Groundball, 4, EV 91.9 MPH)
|
Bottom of the 1st over - 0 runs, 0 hits, 0 errors, 0 left on base; Connecticut 0 - Lowell 0 |
TOP OF THE 2ND |
Connecticut Tigers batting - Pitching for Lowell Spinners : RHP Nherbert Silivan
|
Batting: SHB Ronnie Lundy
|
0-0: Called Strike 0-1: Foul Ball, location: 2F 0-2: Strikes out swinging
|
Pitching: RHP Danny Marquez
|
|
Batting: RHB Brandon Everett
|
0-0: Ball 1-0: Called Strike 1-1: Ball 2-1: Ball 3-1: Foul Ball, location: 2F 3-2: Base on Balls
|
Batting: LHB Glen Boyle
|
0-0: Ball 1-0: Foul Ball, location: 2F 1-1: Called Strike 1-2: Foul Ball, location: 2F 1-2: Fly out, F8 (Flyball, 8RM, EV 75.6 MPH)
|
Batting: LHB Ryan Adams
|
0-0: Ball 1-0: Called Strike 1-1: Called Strike 1-2: Ball 2-2: Ball 3-2: Strikes out swinging
|
Top of the 2nd over - 0 runs, 0 hits, 0 errors, 1 left on base; Connecticut 0 - Lowell 0 |
BOTTOM OF THE 2ND |
Lowell Spinners batting - Pitching for Connecticut Tigers : LHP Randolph Main
|
Batting: RHB Dominique Paolozzi
|
0-0: Called Strike 0-1: Ball 1-1: Ball 2-1: Foul Ball, location: 2F 2-2: Foul Ball, location: 2F 2-2: Ball 3-2: Fly out, F9 (Flyball, 89M, EV 86.9 MPH)
|
Batting: RHB Tony Gallegos
|
0-0: Ground out 6-3 (Groundball, 6, EV 83.8 MPH)
|
Batting: RHB Bakhtiar Asadov
|
0-0: DOUBLE (Flyball, 8RXD, EV 109.4 MPH)
|
Batting: SHB Matsudaira Ikeda
|
0-0: Ball 1-0: Ball 2-0: Ball 3-0: Base on Balls
|
Batting: RHB Mike Strey
|
0-0: Ball 1-0: Called Strike 1-1: Ball 2-1: Foul Ball, location: 2F 2-2: Ball 3-2: Ground out U3 (Groundball, 3L, EV 80.0 MPH)
|
Bottom of the 2nd over - 0 runs, 1 hit, 0 errors, 2 left on base; Connecticut 0 - Lowell 0 |
TOP OF THE 3RD |
Connecticut Tigers batting - Pitching for Lowell Spinners : RHP Danny Marquez
|
Batting: RHB Dustin Bursell
|
0-0: Ball 1-0: Called Strike 1-1: Foul Ball, location: 2F 1-2: Foul Ball, location: 2F 1-2: Foul Ball, location: 2F 1-2: Ball 2-2: SINGLE (Groundball, 4D, EV 98.8 MPH)
|
Batting: LHB Zach Rose
|
0-0: Ball 1-0: Ball 2-0: Ball Wild Pitch! Dustin Bursell to second 3-0: Base on Balls
|
Batting: RHB Seth Fox
|
0-0: Ball Wild Pitch! Dustin Bursell to third Zach Rose to second 1-0: Called Strike 1-1: Foul Ball, location: 2F 1-2: Strikes out swinging
|
Batting: RHB Tony Nunez
|
0-0: Ball 1-0: Ground out U3 (Groundball, 34, EV 102.5 MPH) Dustin Bursell scores Zach Rose to third
|
Batting: LHB Jon Pedlar
|
0-0: Called Strike 0-1: Foul Ball, location: 2F 0-2: Ground out U3 (Groundball, 34, EV 100.6 MPH)
|
Top of the 3rd over - 1 run, 1 hit, 0 errors, 1 left on base; Connecticut 1 - Lowell 0 |
BOTTOM OF THE 3RD |
Lowell Spinners batting - Pitching for Connecticut Tigers : LHP Randolph Main
|
Batting: RHB Roger Mitchell
|
0-0: Called Strike 0-1: Ball 1-1: SINGLE (Groundball, 56S, EV 63.1 MPH) (infield hit)
|
Batting: LHB Eric Gaugler
|
0-0: Foul Ball, location: 2F 0-1: Swinging Strike 0-2: Foul Ball, location: 2F 0-2: Ball 1-2: Ball 2-2: Ball 3-2: Strikes out swinging
|
Batting: RHB Willie Camacho
|
0-0: Called Strike 0-1: Ball 1-1: Foul Ball, location: 2F 1-2: Ball 2-2: Foul Ball, location: 2F 2-2: Foul Ball, location: 2F 2-2: Strikes out looking
|
Batting: LHB Kien-lung Zou
|
0-0: Ball 1-0: Fielders Choice at 2nd, 6-4 (Groundball, 6, EV 88.8 MPH)
|
Bottom of the 3rd over - 0 runs, 1 hit, 0 errors, 1 left on base; Connecticut 1 - Lowell 0 |
TOP OF THE 4TH |
Connecticut Tigers batting - Pitching for Lowell Spinners : RHP Danny Marquez
|
Batting: SHB Ronnie Lundy
|
0-0: Called Strike 0-1: Foul Ball, location: 2F 0-2: Ball 1-2: Ball 2-2: Ball 3-2: Foul Ball, location: 2F 3-2: Base on Balls
|
Batting: RHB Brandon Everett
|
0-0: Called Strike 0-1: 2-RUN HOME RUN (Line Drive, 78XD, EV 98.8 MPH), Distance : 405 ft
|
Pitching: RHP Jose Abanto
|
|
Batting: LHB Glen Boyle
|
0-0: DOUBLE (Groundball, 3L, EV 105.6 MPH)
|
Batting: LHB Ryan Adams
|
0-0: SINGLE (Groundball, 34D, EV 110.6 MPH) Glen Boyle to third Runner from 3rd tries for Home, throw by RF and OUT! 9-2 Ryan Adams to second
|
Batting: RHB Dustin Bursell
|
0-0: SINGLE (Line Drive, 6MD, EV 105.0 MPH) Ryan Adams to third Runner from 3rd tries for Home, throw by CF and OUT! 8-2
|
Batting: LHB Zach Rose
|
0-0: Ball 1-0: Ball Dustin Bursell is caught stealing 2nd base 2-6
|
Top of the 4th over - 2 runs, 4 hits, 0 errors, 0 left on base; Connecticut 3 - Lowell 0 |
BOTTOM OF THE 4TH |
Lowell Spinners batting - Pitching for Connecticut Tigers : LHP Randolph Main
|
Batting: RHB Dominique Paolozzi
|
0-0: Ball 1-0: Ball 2-0: Ball 3-0: Base on Balls
|
Batting: RHB Tony Gallegos
|
0-0: Foul Ball, location: 2F 0-1: Ball 1-1: Fly out, F1 (Line Drive, P, EV 76.9 MPH)
|
Batting: RHB Bakhtiar Asadov
|
0-0: Ball 1-0: Fly out, F8 (Flyball, 8LXD, EV 107.5 MPH)
|
Batting: SHB Matsudaira Ikeda
|
0-0: Called Strike 0-1: Ball 1-1: Foul Ball, location: 2F 1-2: Fielders Choice at 2nd, 5-4 (Groundball, 5L, EV 103.1 MPH)
|
Bottom of the 4th over - 0 runs, 0 hits, 0 errors, 1 left on base; Connecticut 3 - Lowell 0 |
TOP OF THE 5TH |
Connecticut Tigers batting - Pitching for Lowell Spinners : RHP Jose Abanto
|
Batting: LHB Zach Rose
|
0-0: Ball 1-0: Foul Ball, location: 2F 1-1: Ball 2-1: Foul Ball, location: 2F 2-2: Strikes out swinging
|
Batting: RHB Seth Fox
|
0-0: Ball 1-0: Ball 2-0: Foul Ball, location: 2F 2-1: Called Strike 2-2: SINGLE (Groundball, 56D, EV 111.2 MPH)
|
Batting: RHB Tony Nunez
|
0-0: Called Strike 0-1: Ball Seth Fox steals 2nd base (no throw) 1-1: Called Strike 1-2: Ball Wild Pitch! Seth Fox to third 2-2: Ground out 5-3 (Groundball, 5D, EV 102.5 MPH)
|
Batting: LHB Jon Pedlar
|
0-0: Called Strike 0-1: Ball 1-1: Swinging Strike 1-2: Foul Ball, location: 2F 1-2: Foul Ball, location: 2F 1-2: Ball 2-2: Foul Ball, location: 2F 2-2: 2-RUN HOME RUN (Flyball, 8LXD, EV 104.4 MPH), Distance : 411 ft
|
Batting: SHB Ronnie Lundy
|
0-0: Foul Ball, location: 2F 0-1: Foul Ball, location: 2F 0-2: Hit by Pitch, AND HE CHARGES THE MOUND! The benches clear!
|
Pitching: RHP Josiah Russell
|
|
Pinch Runner at 1st Isao Fukui:
|
|
Batting: RHB Brandon Everett
|
0-0: Ball Isao Fukui steals 2nd base 1-0: Ball 2-0: Foul Ball, location: 2F 2-1: Foul Ball, location: 2F 2-2: Ball 3-2: Foul Ball, location: 2F 3-2: Base on Balls
|
Batting: LHB Glen Boyle
|
0-0: Ball 1-0: Swinging Strike 1-1: Ball 2-1: Ball 3-1: Called Strike 3-2: Base on Balls Isao Fukui to third Brandon Everett to second
|
Batting: LHB Ryan Adams
|
Balk! Isao Fukui scores Brandon Everett to third Glen Boyle to second 0-0: Ball 1-0: Called Strike 1-1: Foul Ball, location: 2F 1-2: Hit by Pitch
|
Batting: RHB Dustin Bursell
|
0-0: Swinging Strike 0-1: Ball 1-1: Ball 2-1: Foul Ball, location: 2F 2-2: Ball 3-2: Strikes out swinging
|
Top of the 5th over - 3 runs, 2 hits, 0 errors, 3 left on base; Connecticut 6 - Lowell 0 |
BOTTOM OF THE 5TH |
Lowell Spinners batting - Pitching for Connecticut Tigers : LHP Randolph Main
|
Now in LF: Isao Fukui
|
|
Batting: RHB Mike Strey
|
0-0: Ball 1-0: Foul Ball, location: 2F 1-1: Swinging Strike 1-2: Ball 2-2: Strikes out swinging
|
Batting: RHB Roger Mitchell
|
0-0: Called Strike 0-1: Called Strike 0-2: Strikes out swinging
|
Batting: LHB Eric Gaugler
|
0-0: Called Strike 0-1: Ball 1-1: Foul Ball, location: 2F 1-2: Foul Ball, location: 2F 1-2: Strikes out looking
|
Bottom of the 5th over - 0 runs, 0 hits, 0 errors, 0 left on base; Connecticut 6 - Lowell 0 |
TOP OF THE 6TH |
Connecticut Tigers batting - Pitching for Lowell Spinners : RHP Josiah Russell
|
Batting: LHB Zach Rose
|
0-0: Ball 1-0: Called Strike 1-1: Ball 2-1: Ground out 4-3 (Groundball, 4, EV 96.2 MPH)
|
Batting: RHB Seth Fox
|
0-0: Ball 1-0: Ball 2-0: Called Strike 2-1: Swinging Strike 2-2: Foul Ball, location: 2F 2-2: Strikes out swinging
|
Batting: RHB Tony Nunez
|
0-0: Foul Ball, location: 2F 0-1: Swinging Strike 0-2: Foul Ball, location: 2F 0-2: Foul Ball, location: 2F 0-2: Ground out 6-3 (Groundball, 6S, EV 70.0 MPH)
|
Top of the 6th over - 0 runs, 0 hits, 0 errors, 0 left on base; Connecticut 6 - Lowell 0 |
BOTTOM OF THE 6TH |
Lowell Spinners batting - Pitching for Connecticut Tigers : LHP Randolph Main
|
Batting: RHB Willie Camacho
|
0-0: Called Strike 0-1: Ball 1-1: SINGLE (Flyball, 78S, EV 93.1 MPH)
|
Batting: LHB Kien-lung Zou
|
0-0: Ball 1-0: Foul Ball, location: 2F 1-1: Foul Ball, location: 2F 1-2: Ball 2-2: Foul Ball, location: 2F 2-2: Ball 3-2: Foul Ball, location: 2F 3-2: Base on Balls Willie Camacho to second
|
Pitching: LHP Jayden Carey
|
|
Batting: RHB Dominique Paolozzi
|
0-0: Hit by Pitch Willie Camacho to third Kien-lung Zou to second
|
Batting: RHB Tony Gallegos
|
0-0: Called Strike 0-1: Foul Ball, location: 2F 0-2: Foul Ball, location: 2F 0-2: Ball 1-2: Strikes out looking
|
Batting: RHB Bakhtiar Asadov
|
0-0: Ball 1-0: Called Strike 1-1: Foul Ball, location: 2F 1-2: Ball 2-2: Foul Ball, location: 2F 2-2: Strikes out swinging
|
Batting: SHB Matsudaira Ikeda
|
0-0: Foul Ball, location: 2F 0-1: Ball 1-1: Called Strike 1-2: Ball 2-2: Foul Ball, location: 2F 2-2: Ball 3-2: Foul Ball, location: 2F 3-2: Base on Balls Willie Camacho scores Kien-lung Zou to third Dominique Paolozzi to second
|
Batting: RHB Mike Strey
|
0-0: Ball 1-0: Fly out, F4 (Popup, 3D, EV 68.1 MPH)
|
Bottom of the 6th over - 1 run, 1 hit, 0 errors, 3 left on base; Connecticut 6 - Lowell 1 |
TOP OF THE 7TH |
Connecticut Tigers batting - Pitching for Lowell Spinners : RHP Josiah Russell
|
Batting: LHB Jon Pedlar
|
0-0: Ball 1-0: Foul Ball, location: 2F 1-1: Called Strike 1-2: Ball 2-2: Ball 3-2: SINGLE (Line Drive, 78M, EV 91.9 MPH)
|
Pitching: LHP Jessie Leslie
|
|
Batting: LHB Isao Fukui
|
0-0: Reached on error, E3 (Groundball, 34, EV 95.0 MPH) Jon Pedlar to second
|
Batting: RHB Brandon Everett
|
0-0: Ball 1-0: Called Strike 1-1: Swinging Strike 1-2: Ball 2-2: Ball 3-2: Base on Balls Jon Pedlar to third Isao Fukui to second
|
Batting: LHB Glen Boyle
|
0-0: Hit by Pitch Jon Pedlar scores Isao Fukui to third Brandon Everett to second
|
Batting: LHB Ryan Adams
|
0-0: Ball 1-0: Fly out, F9 (Flyball, 9LS, EV 89.4 MPH)
|
Batting: RHB Dustin Bursell
|
0-0: Called Strike 0-1: Ball 1-1: Swinging Strike 1-2: Ball 2-2: Ball 3-2: Foul Ball, location: 2F 3-2: Strikes out swinging
|
Batting: LHB Zach Rose
|
0-0: Called Strike 0-1: Ball 1-1: Ball 2-1: Ground out 1-3 (Groundball, 13S, EV 72.5 MPH)
|
Top of the 7th over - 1 run, 1 hit, 1 error, 3 left on base; Connecticut 7 - Lowell 1 |
BOTTOM OF THE 7TH |
Lowell Spinners batting - Pitching for Connecticut Tigers : LHP Jayden Carey
|
Batting: RHB Roger Mitchell
|
0-0: Called Strike 0-1: Swinging Strike 0-2: Strikes out swinging, 2-3 out at first.
|
Pinch Hitting: RHB Curt Stallings
|
0-0: Ball 1-0: Called Strike 1-1: Foul Ball, location: 2F 1-2: Ball 2-2: Foul Ball, location: 2F 2-2: Strikes out swinging
|
Batting: RHB Willie Camacho
|
0-0: Called Strike 0-1: Swinging Strike 0-2: Ball 1-2: Reached via error on a dropped throw from 1B, E1 (Groundball, 34S, EV 78.1 MPH)
|
Batting: LHB Kien-lung Zou
|
0-0: Foul Ball, location: 2F 0-1: Fly out, F5 (Popup, 15, EV 76.2 MPH)
|
Bottom of the 7th over - 0 runs, 0 hits, 1 error, 1 left on base; Connecticut 7 - Lowell 1 |
TOP OF THE 8TH |
Connecticut Tigers batting - Pitching for Lowell Spinners : LHP Jessie Leslie
|
Now in CF: Curt Stallings
|
|
Batting: RHB Seth Fox
|
0-0: Hit by Pitch
|
Batting: RHB Tony Nunez
|
0-0: Called Strike Seth Fox is caught stealing 2nd base 2-4 0-1: Ground out 3-1 (Groundball, 34, EV 79.4 MPH)
|
Batting: LHB Jon Pedlar
|
0-0: Foul Ball, location: 2F 0-1: Foul Ball, location: 2F 0-2: Ball 1-2: Ball 2-2: Strikes out swinging
|
Top of the 8th over - 0 runs, 0 hits, 0 errors, 0 left on base; Connecticut 7 - Lowell 1 |
BOTTOM OF THE 8TH |
Lowell Spinners batting - Pitching for Connecticut Tigers : LHP Jayden Carey
|
Pitching: RHP Bert Hernandez
|
|
Batting: RHB Dominique Paolozzi
|
0-0: DOUBLE (Line Drive, 7LS, EV 95.6 MPH)
|
Batting: RHB Tony Gallegos
|
0-0: Ball 1-0: Foul Ball, location: 2F 1-1: Ball 2-1: Ground out U3 (Groundball, 3, EV 86.9 MPH) Dominique Paolozzi to third
|
Pinch Hitting: LHB Javier Cajina
|
0-0: Ball 1-0: Called Strike 1-1: Foul Ball, location: 2F 1-2: Foul Ball, location: 2F 1-2: Ground out 4-3 (Groundball, 4M, EV 87.5 MPH) Dominique Paolozzi scores
|
Batting: SHB Matsudaira Ikeda
|
0-0: SOLO HOME RUN (Flyball, 9LD, EV 91.9 MPH), Distance : 351 ft
|
Batting: RHB Mike Strey
|
0-0: Ground out 1-3 (Groundball, 34S, EV 68.8 MPH)
|
Bottom of the 8th over - 2 runs, 2 hits, 0 errors, 0 left on base; Connecticut 7 - Lowell 3 |
TOP OF THE 9TH |
Connecticut Tigers batting - Pitching for Lowell Spinners : LHP Jessie Leslie
|
Pitching: LHP Ken Berger
|
|
Now in CF: Javier Cajina
|
|
Now in RF: Curt Stallings
|
|
Batting: LHB Isao Fukui
|
0-0: Called Strike 0-1: Called Strike 0-2: Ball 1-2: Ball 2-2: Ball 3-2: Foul Ball, location: 2F 3-2: Fly out, F5 (Popup, 5F, EV 53.8 MPH)
|
Batting: RHB Brandon Everett
|
0-0: Called Strike 0-1: Ball 1-1: Ball 2-1: Ball 3-1: Called Strike 3-2: Base on Balls
|
Batting: LHB Glen Boyle
|
0-0: Called Strike 0-1: Ball Wild Pitch! Brandon Everett to second 1-1: Ground out 4-3 (Groundball, 4, EV 89.4 MPH) Brandon Everett to third
|
Batting: LHB Ryan Adams
|
0-0: Ball 1-0: Ball 2-0: Ball 3-0: Called Strike 3-1: Called Strike 3-2: Base on Balls
|
Batting: RHB Dustin Bursell
|
0-0: Foul Ball, location: 2F 0-1: Swinging Strike 0-2: Foul Ball, location: 2F 0-2: Strikes out looking
|
Top of the 9th over - 0 runs, 0 hits, 0 errors, 2 left on base; Connecticut 7 - Lowell 3 |
BOTTOM OF THE 9TH |
Lowell Spinners batting - Pitching for Connecticut Tigers : RHP Bert Hernandez
|
Pitching: LHP Victor Villarreal
|
|
Batting: RHB Roger Mitchell
|
0-0: Swinging Strike 0-1: Foul Ball, location: 2F 0-2: Foul Ball, location: 2F 0-2: Ball 1-2: Strikes out swinging
|
Batting: RHB Curt Stallings
|
0-0: Ball 1-0: Foul Ball, location: 2F 1-1: Ball 2-1: Ball 3-1: Base on Balls
|
Batting: RHB Willie Camacho
|
0-0: Foul Ball, location: 2F 0-1: Ground out 4-3 (Groundball, 34, EV 108.8 MPH) Curt Stallings to second
|
Batting: LHB Kien-lung Zou
|
0-0: Foul Ball, location: 2F 0-1: Ball 1-1: Called Strike 1-2: Ball 2-2: Ball 3-2: SINGLE (Groundball, 56, EV 107.5 MPH) Curt Stallings to third
|
Batting: RHB Dominique Paolozzi
|
0-0: Ball 1-0: Ball Wild Pitch! Curt Stallings scores Kien-lung Zou to second 2-0: DOUBLE (Flyball, 8RXD, EV 101.2 MPH) Kien-lung Zou scores
|
Batting: RHB Tony Gallegos
|
0-0: Called Strike 0-1: Ball 1-1: Foul Ball, location: 2F 1-2: SINGLE (Groundball, 6MD, EV 101.2 MPH) Dominique Paolozzi to third
|
Pinch Hitting: RHB Mike Rosa
|
0-0: Called Strike 0-1: Foul Ball, location: 2F 0-2: Ball 1-2: Foul Ball, location: 2F 1-2: Ball 2-2: Strikes out looking
|
Bottom of the 9th over - 2 runs, 3 hits, 0 errors, 2 left on base; Connecticut 7 - Lowell 5 |
|